 Dungeon Crawl Stone Soup version 0.29-a0-321-gf1c400731a (webtiles) character file.

Game seed: 16829304729119830392

2892 Murumi the Ducker (level 10, -5/72 HPs)
             Began as a Djinni Monk on Apr 5, 2022.
             Was a Priest of Okawaru.
             Slain by Psyche
             ... wielding a +2 dagger of distortion
              (13 damage)
             ... on level 8 of the Dungeon.
             The game lasted 00:27:45 (10075 turns).

Murumi the Ducker (Djinni Monk)                    Turns: 10075, Time: 00:27:45

Health: -5/72      AC: 10    Str: 10    XL:     10   Next: 5%
Gold:   370        EV: 18    Int: 13    God:    Okawaru [***...] SH:  0 Dex: 19

rFire   + . .      SeeInvis .   a - +0 great sword
rCold   . . .      Faith    .   (shield currently unavailable)
rNeg    . . .      Spirit   .   n - +0 scale mail
rPois   ∞          Reflect  .   l - +0 helmet
rElec   .          Harm     .   (no cloak)
rCorr   .          Rampage  .   (no gloves)
Will    +....                   (boots unavailable)
Stlth   +++.......              (no amulet)
HPRegen 0.22/turn               x - ring of ice
MPRegen 0.00/turn               s - +4 ring of evasion

@: heroic, flying, invisible
A: sickness immunity, fire resistance 2, cold vulnerability 1, float, innate
caster, HP casting, extra vitality 1
a: Renounce Religion, Heroism


You were on level 8 of the Dungeon.
You worshipped Okawaru.
Okawaru was most pleased with you.
You visited 2 branches of the dungeon, and saw 9 of its levels.

You collected 370 gold pieces.

Inventory:

Hand Weapons
 a - a +0 great sword (weapon)
 f - a +0 hunting sling
 w - a +1 falchion of venom
 y - a +0 long sword
Armour
 l - a +0 helmet (worn)
 n - a +0 scale mail (worn)
Jewellery
 h - a ring of fire
 i - a ring of positive energy
 s - a +4 ring of evasion (right hand)
 x - a ring of ice (left hand)
Wands
 m - a wand of iceblast (7)
 o - a wand of acid (10)
 r - a wand of flame (25)
Scrolls
 d - 2 scrolls of teleportation
 q - 2 scrolls of enchant armour
 v - a scroll of enchant weapon
Potions
 b - a potion of resistance
 c - a potion of might
 e - 2 potions of lignification
 g - 8 potions of curing
 k - 3 potions of attraction
 p - a potion of heal wounds
 t - a potion of haste
 u - 3 potions of mutation
 z - a potion of ambrosia


   Skills:
 - Level 6.0(11.0) Fighting
 - Level 5.0(10.0) Long Blades
 - Level 4.0(9.0) Slings
 + Level 5.3(10.3) Armour
 - Level 7.0(12.0) Dodging
 - Level 5.0(10.0) Stealth
 - Level 2.0 Invocations
 - Level 2.0 Evocations


You couldn't memorise any spells.
You knew the following spells:

 Your Spells              Type           Power      Damage    Failure   Level
a - Shock                 Conj/Air       0%         1d3       82%         1
b - Call Imp              Summ           0%         N/A       91%         2
c - Inner Flame           Hex/Fire       0%         N/A       99%         3
d - Cause Fear            Hex            0%         N/A       100%        4
Your spell library was empty.


Dungeon Overview and Level Annotations

Branches:
Dungeon (8/15)             Temple (1/1) D:5
   Lair: D:8-11

Altars:
Ashenzari
Cheibriados
Dithmenos
Elyvilon
Fedhas
Gozag
Hepliaklqana
Nemelex Xobeh
Okawaru
Qazlal
Ru
Sif Muna
Trog
Vehumet
Wu Jian
Xom
Yredelemnul
The Shining One

Annotations:
D:8 Psyche


Innate Abilities, Weirdness & Mutations

You are immune to sickness and miasma.
You are immune to poison.
Your flesh is very heat resistant. (rF++)
You are vulnerable to cold. (rC-)
You float through the air rather than walking.
You learn spells naturally, not from books.
Your magical power is your life essence.
You have superior vitality. (+4 MHP)


Message History

Fire: f) +0 hunting sling
Press: ? - help, Q - select action, (/) - cycle Shift-Dir - straight line, f/p - Psyche
Aim: Psyche, wielding a +2 dagger of distortion, wearing a +2 robe of fire resistance and carrying a wand of mindburst (8) (translocational energy, moderately wounded, 62% to hit)
You shoot a sling bullet.
The sling bullet hits Psyche but does no damage.
Psyche is moderately wounded.
Fire: f) +0 hunting sling
Press: ? - help, Q - select action, (/) - cycle Shift-Dir - straight line, f/p - Psyche
Aim: Psyche, wielding a +2 dagger of distortion, wearing a +2 robe of fire resistance and carrying a wand of mindburst (8) (moderately wounded, 62% to hit)
You shoot a sling bullet. The sling bullet hits Psyche.
Psyche is heavily wounded.
a - a +0 great sword (weapon)
Psyche barely misses you.
You barely miss Psyche.
Psyche is heavily wounded.
You feel like a meek peon again. Psyche hits you but does no damage.
You hit Psyche but do no damage.
Psyche is heavily wounded.
Psyche casts a spell.
A swirling arc of seething chaos appears!
The arc of chaos hits you.
Psyche hits you with a +2 dagger of distortion.
Space warps around you!
You gain the combat prowess of a mighty hero.
Psyche hits you but does no damage. Space warps horribly around you!
You slice Psyche!!
Psyche is almost dead.
Psyche gestures wildly while chanting.
Psyche flickers and vanishes!
Deactivating autopickup; reactivate with Ctrl-A.
Something hits you but does no damage. Space warps around you.
You barely miss something. Something hits you. Space warps horribly around you!
* * * LOW HITPOINT WARNING * * *
Unknown command.
You fade into invisibility!
Something hits you.
* * * LOW HITPOINT WARNING * * *
Space warps horribly around you!
You die...

# # #
######################
......)....!....@{...#
####################>#
# #........ #
######### ##### .
....# . ###.# #### .
...###. ####.....


There were no monsters in sight!

Vanquished Creatures
  Joseph (D:8)
  A steam dragon (D:6)
  2 water moccasins
  4 ice beasts
  A black bear (D:7)
  An ogre (D:4)
  A sky beast (D:7)
  4 centaurs
  A phantom (D:5)
  5 scorpions
  2 howler monkeys
  2 orc priests
  4 hounds (D:5)
  A gnoll shaman (D:5)
  2 jellies (D:6)
  2 iguanas (D:5)
  4 orc wizards
  17 gnolls
  8 adders
  4 river rats (D:6)
  2 white imps
  2 ufetubi
  2 dart slugs
  19 orcs
  8 endoplasms
  3 giant cockroaches
  2 goblins
  6 hobgoblins
  4 jackals (D:2)
  3 quokkas
  7 ball pythons
  4 bats (D:1)
  4 frilled lizards
  8 kobolds
  6 rats
147 creatures vanquished.

Vanquished Creatures (others)
  A gnoll (D:5)
  19 plants
20 creatures vanquished.

Grand Total: 167 creatures vanquished

Notes
Turn   | Place    | Note
-------+----------+-------------------------------------------
     0 | D:1      | Murumi the Djinni Monk began the quest for the Orb.
     0 | D:1      | Reached XP level 1. HP: 20/20 MP: 0/0
    44 | D:1      | Found a faded altar of an unknown god.
   146 | D:1      | Reached XP level 2. HP: 25/25 MP: 0/0
   641 | D:1      | Reached XP level 3. HP: 30/30 MP: 0/0
   641 | D:1      | Learned a level 1 spell: Shock
   924 | D:2      | Reached skill level 4 in Dodging
  1384 | D:2      | Reached skill level 1 in Armour
  1789 | D:2      | Reached XP level 4. HP: 20/35 MP: 0/0
  2927 | D:3      | Reached XP level 5. HP: 40/40 MP: 0/0
  2927 | D:3      | Learned a level 2 spell: Call Imp
  3774 | D:4      | Noticed an ogre
  3857 | D:4      | Reached skill level 1 in Evocations
  3931 | D:4      | Found a basalt altar of Yredelemnul.
  3953 | D:4      | Reached XP level 6. HP: 47/47 MP: 0/0
  4086 | D:4      | Killed an ogre
  4158 | D:4      | Reached XP level 7. HP: 45/52 MP: 0/0
  4158 | D:4      | Learned a level 3 spell: Inner Flame
  4878 | D:5      | Entered Level 5 of the Dungeon
  4994 | D:5      | Found a snail-covered altar of Cheibriados.
  5084 | D:5      | Reached skill level 5 in Dodging
  5522 | D:5      | Found a staircase to the Ecumenical Temple.
  5538 | D:5      | Reached XP level 8. HP: 28/58 MP: 0/0
  5559 | Temple   | Entered the Ecumenical Temple
  5742 | Temple   | Became a worshipper of Warmaster Okawaru
  5742 | Temple   | Reached * piety under Okawaru
  5742 | Temple   | Reached ** piety under Okawaru
  5762 | D:5      | Reached skill level 1 in Invocations
  6093 | D:5      | Reached skill level 1 in Slings
  6515 | D:5      | Found a hazy altar of Hepliaklqana.
  6608 | D:6      | Reached skill level 5 in Fighting
  6819 | D:6      | Reached *** piety under Okawaru
  6820 | D:6      | Reached skill level 5 in Armour
  6820 | D:6      | Reached XP level 9. HP: 48/65 MP: 0/0
  6820 | D:6      | Learned a level 4 spell: Cause Fear
  6959 | D:6      | Reached skill level 6 in Dodging
  7101 | D:6      | Found a sparkling altar of Nemelex Xobeh.
  8344 | D:6      | Received a gift from Okawaru
  8371 | D:7      | Reached skill level 5 in Long Blades
  8776 | D:7      | Reached skill level 7 in Dodging
  9317 | D:7      | Found a stormy altar of Qazlal.
  9524 | D:7      | Found a shimmering altar of Xom.
  9647 | D:7      | Reached skill level 5 in Stealth
  9811 | D:8      | Noticed Joseph
  9833 | D:8      | Killed Joseph
  9834 | D:8      | Reached XP level 10. HP: 27/72 MP: 0/0
 10054 | D:8      | Noticed Psyche
 10075 | D:8      | Slain by Psyche

Illustrated notes

Levels and vault maps discovered:
D:1:      minmay_arrival_diagonal_passages, layout_basic,
          ebering_ecumenical_altar_box
D:2:      layout_basic, wander_ebering_terrifying_dragon_lair
D:3:      layout_basic
D:4:      nicolae_cairo_tiling_large_dashed, layout_basic, lemuel_crystal_altar,
          minmay_quadrilaterals
D:5:      layout_basic, cheibriados_altar_1, nicolae_hepliaklqana_hazy_memory,
          minmay_temple_entry_gardened_gates, minmay_manual_mares
D:6:      wad_woods_stonehenge, layout_basic
D:7:      layout_loops_corners, nicolae_qazlal_eye_of_the_storm,
          lemuel_round_altar, chequers_serial_rivers_room_b,
          minmay_misc_feat_pillars
D:8:      layout_rooms, eat_drink_and_be_merry_uskayaw, kiku_gazebo_pond_becter,
          serial_shops, shop, kennysheep_mini, nicolae_shop_behind_doors,
          uniq_psyche, uniq_joseph
Temple:   cyrus_circular_temple

Skill      XL: |  1  2  3  4  5  6  7  8  9 |
---------------+----------------------------+-----
Long Blades    | 3 4 5 |  5.0
Stealth        | 2 3 4 5 |  5.0
Dodging        | 4 5 7 |  7.0
Armour         | 1 3 4 5 |  5.3
Evocations     | 1 2 |  2.0
Fighting       | 4 5 6 |  6.0
Invocations    | 2 |  2.0
Slings         | 3 4 |  4.0

Action                   |  1- 3 |  4- 6 |  7- 9 | 10-12 || total
-------------------------+-------+-------+-------+-------++-------
Melee: Falchion          |    93 |   132 |   278 |       ||   503
       Punch             |       |     1 |     6 |       ||     7
       Great sword       |       |       |    54 |     7 ||    61
 Fire: Hunting sling     |       |       |    75 |     8 ||    83
Invok: Heroism           |       |       |     2 |     2 ||     4
Evoke: Wand              |       |     1 |       |       ||     1
  Use: Scroll            |     7 |     4 |     8 |       ||    19
       Potion            |       |     2 |       |     1 ||     3
 Stab: Sleeping          |     8 |     5 |     1 |       ||    14
Armor: Robe              |     2 |       |       |       ||     2
       Leather armour    |    24 |     6 |       |       ||    30
       Ring mail         |       |     6 |       |       ||     6
       Scale mail        |       |     8 |   117 |     4 ||   129
Dodge: Dodged            |    69 |    67 |   250 |     3 ||   389

Table legend: (Time is in decaauts)
 A = Elapsed time spent in this place.
 B = Non-inter-level travel time spent in this place.
 C = Inter-level travel time spent in this place.
 D = Time resting spent in this place.
 E = Time spent auto-exploring this place.
 F = Levels seen in this place.
 G = Mean time per level.
                   A        B        C        D        E       F      G
               +--------+--------+--------+--------+--------+-----+--------+
         Total |  10188 |   9262 |    926 |    523 |   7213 |   9 | 1132.0 |
       Dungeon |   9994 |   9083 |    911 |    523 |   7041 |   8 | 1249.2 |
        Temple |    194 |    179 |     15 |      0 |    172 |   1 |  194.0 |
               +--------+--------+--------+--------+--------+-----+--------+

Top non-repeatable levels by time:
     D:6: 1730 daAuts
     D:2: 1535 daAuts
     D:5: 1481 daAuts
     D:7: 1467 daAuts
     D:4: 1355 daAuts
     D:3: 1336 daAuts
     D:1: 797 daAuts
     D:8: 289 daAuts
  Temple: 194 daAuts
